 Dungeon Crawl Stone Soup version 0.16.1-18-g436b03c (webtiles) character file.

45546 metalmind the Brawler (level 14, -14/147 (148) HPs)
             Began as a Troll Hunter on Apr 29, 2015.
             Demolished by a sun demon (18 damage)
             ... on level 8 of the Lair of Beasts on Apr 30, 2015.
             The game lasted 00:48:55 (17571 turns).

metalmind the Brawler (Troll Hunter)               Turns: 17571, Time: 00:48:56

HP:   -14/147 (148) AC:  9    Str: 23    XL:     14   Next: 1%
MP:   5/5           EV: 12    Int: 13    God:    Xom [......]
Gold: 1110          SH:  0    Dex: 11    Spells: 0 memorised, 13 levels left

rFire  . . .     SeeInvis .       - Unarmed
rCold  . . .     Clarity  .     h - +0 mottled dragon armour {rSticky}
rNeg   . . .     SustAb   +     (shield restricted)
rPois  +         Gourm    +     (helmet restricted)
rElec  .         Spirit   .     N - +2 cloak
rCorr  .         Warding  .     (gloves unavailable)
rMut   .         Stasis   .     (boots unavailable)
MR     ++...                    e - amulet of faith {Faith, !P}
Stlth  +.........               R - ring of sustain abilities {SustAb}
                                E - ring of protection from magic {MR+, !d}

@: brilliant, very resistant to hostile enchantments, very unstealthy
A: unfitting armour, claws 3, horns 1, blink 1, breathe flames 2, clumsy 1,
deformed body, fast metabolism 3, gourmand, poison resistance, regeneration 3,
shaggy fur 1, tough skin 2
a: Blink, Renounce Religion, Breathe Fire


You were on level 8 of the Lair of Beasts.
You worshipped Xom.
You were a very special plaything of Xom.
You were not hungry.

You visited 3 branches of the dungeon, and saw 19 of its levels.

You collected 1110 gold pieces.

Inventory:

Missiles
 c - 5 throwing nets {=f, !d}
 x - 7 large rocks (quivered) {!d}
 C - 5 curare-tipped needles
Armour
 h - a +0 mottled dragon armour (worn) {rSticky}
   (You found it on level 5 of the Lair of Beasts)
 y - a +2 robe of cold resistance
   (You took it off Fannar on level 6 of the Lair of Beasts)
 N - a +2 cloak (worn)
   (You found it on level 2 of the Lair of Beasts)
Jewellery
 e - an amulet of faith (around neck) {Faith, !P}
   (You found it on level 9 of the Dungeon)
 m - a cursed -5 ring of strength {unknown}
   (You found it on level 7 of the Lair of Beasts)
 s - an uncursed amulet of stasis {Stasis, !d}
   (You found it on level 1 of the Dungeon)
 E - a ring of protection from magic (left claw) {MR+, !d}
   (You found it on level 7 of the Dungeon)
 Q - an uncursed ring of ice {rC+, rF-}
   (You found it on level 3 of the Lair of Beasts)
 R - a ring of sustain abilities (right claw) {SustAb}
   (You found it on level 3 of the Lair of Beasts)
 S - an uncursed ring of ice {rC+, rF-}
   (You took it off Fannar on level 6 of the Lair of Beasts)
Magical devices
 d - a wand of fire (8)
   (You found it on level 8 of the Lair of Beasts)
 i - a wand of draining (7)
   (You found it on level 9 of the Dungeon)
 n - a wand of fire (0)
   (You found it on level 5 of the Dungeon)
 q - a wand of digging (9)
   (You found it on level 10 of the Dungeon)
 I - a wand of confusion (23)
   (You found it on level 7 of the Lair of Beasts)
 J - a wand of fire (0)
   (You found it on level 3 of the Lair of Beasts)
 K - a wand of disintegration (17)
   (You found it on level 2 of the Lair of Beasts)
 P - a wand of random effects (31)
   (You found it on level 4 of the Lair of Beasts)
 T - a wand of fireball (6)
   (You found it on level 4 of the Lair of Beasts)
 V - a wand of cold (4)
   (You found it on level 7 of the Lair of Beasts)
 X - a wand of slowing (20)
   (You found it on level 5 of the Lair of Beasts)
Scrolls
 g - 10 scrolls of identify
 l - 11 scrolls of remove curse
 o - a scroll of silence
 p - 2 scrolls of enchant armour
 w - a scroll of enchant weapon
 A - a scroll of magic mapping {!r}
 B - a scroll of fear
 U - a scroll of fog
 Z - 3 scrolls of amnesia
Potions
 b - a potion of brilliance
 r - 2 potions of curing
 u - 4 potions of cancellation
 z - a potion of flight
 H - a potion of resistance
 O - 2 potions of restore abilities
Miscellaneous
 L - a stone of tremors
   (You found it on level 2 of the Lair of Beasts)
 Y - a fan of gales
   (You found it on level 5 of the Lair of Beasts)
Comestibles
 a - 10 slices of pizza
 f - 10 meat rations {@e2}
 t - 8 bread rations {@e1}
 v - 38 fruits
 D - 3 royal jellies
 G - 3 beef jerkies


   Skills:
 + Level 11.8 Fighting
 + Level 5.4 Throwing
 + Level 8.0 Dodging
 - Level 0.4 Stealth
 + Level 16.6 Unarmed Combat


You had 13 spell levels left.
You didn't know any spells.

Dungeon Overview and Level Annotations

Branches:
Dungeon (10/15)            Temple (1/1) D:5            Lair (8/8) D:8
 Shoals (0/5) Lair:3       Spider (0/5) Lair:3        Slime (0/6) Lair:6
    Orc: D:9-12

Altars:
Ashenzari
Cheibriados
Dithmenos
Elyvilon
Fedhas
Gozag
Kikubaaqudgha
Makhleb
Nemelex Xobeh
Okawaru
Qazlal
Ru
Sif Muna
Trog
Vehumet
Xom
Yredelemnul
Zin
The Shining One
Jiyva

Shops:
D:4 =   D:5 }

Annotations:
D:7 exclusion: jelly


Innate Abilities, Weirdness & Mutations

You are too large for most types of armour.
You have claws for hands.
Your metabolism is lightning-fast.
You like to eat raw meat.
You regenerate.
You are covered in fur (AC +1).
You have very tough skin (AC +2).
You have a pair of small horns on your head.
You can translocate small distances at will.
You can breathe fire.
You are clumsy. (Dex -2)
Armour fits poorly on your strangely shaped body.
Your system is resistant to poisons.


Message History

Things that are here:
a dagger; a robe There isn't anything to butcher here.
Unknown command.
You open the door.
A red devil, an orange demon and a sun demon come into view.
The sun demon shouts!
The orange demon screeches!
Found a burning altar of Makhleb.
A smoke demon comes into view. 2 red devils, 2 orange demons and a blue devil come into view.
The orange demon screeches!
The smoke demon roars!
The orange demon screeches!
There is an open door here.
Unknown command.
Unknown command.
You swap places.
Things that are here:
a dagger; a robe You swap places.
Unknown command.
You closely miss the sun demon. Your headbutt misses the sun demon.
You claw the sun demon, but do no damage.
The sun demon hits you!
You are engulfed in flames!
You take 25 damage, and have 122/147 hp.
You barely miss the sun demon. Your headbutt misses the sun demon.
The orange demon stings you from afar!
You take 8 damage, and have 114/147 hp.
You barely miss the sun demon. You headbutt the sun demon.
Your hound closely misses the sun demon.
The sun demon barely misses you.
Your hound closely misses the sun demon.
The orange demon stings you from afar.
You take 5 damage, and have 109/147 hp.
Unknown command.
Your hound bites the sun demon but does no damage.
Your hound misses the sun demon.
Your hound barely misses the sun demon.
The sun demon misses you.
There is an open door here.
You barely miss the sun demon. Your headbutt misses the sun demon.
Xom decides to rearrange the pieces.
You swap places with your hound.
Some monsters swap places.
The orange demon closely misses you. The orange demon hits you.
You take 2 damage, and have 109/147 hp.
Unknown command.
You swap places.
Xom's power flows through you!
Your claws begin to glow red.
The sun demon hits you!
You are engulfed in flames!
The orange demon stings you from afar.
You take 18 damage, and have 91/147 hp.
You scratch the sun demon but do no damage.
The sun demon appears confused.
Your headbutt misses the sun demon.
You claw the sun demon, but do no damage.
Your claws stop glowing.
Xom grants you a minor favour.
You feel clever all of a sudden.
You are now a very special plaything of Xom.
The orange demon stings you from afar.
You take 4 damage, and have 87/147 hp.
You swap places.
There is an open door here.
Unknown command.
The sun demon hits your hound!!
Your hound is killed!
Your hound's corpse disappears in a puff of smoke!
You catch the helpless sun demon completely off-guard!
You scratch the sun demon.
The orange demon stings you but does no damage.
Unknown command.
You claw the sun demon! You claw the sun demon. The sun demon hits you!
You are engulfed in flames!!
You take 34 damage, and have 55/147 hp.
MASSIVE DAMAGE!!
You mangle the sun demon!! Your headbutt misses the sun demon.
The sun demon seems less confused.
The orange demon barely misses you. The sun demon hits you!!
* * * LOW HITPOINT WARNING * * *
You are engulfed in flames!
* * * LOW HITPOINT WARNING * * *
You take 27 damage, and have 28/147 hp.
Unknown command.
Read which item? (? for menu, Esc to quit)
Okay, then.
Unknown command.
Unknown command.
The sun demon hits you!
* * * LOW HITPOINT WARNING * * *
You are engulfed in flames!!
* * * LOW HITPOINT WARNING * * *
Xom thinks this is hilarious!
You take 26 damage, and have 2/147 hp.
Unknown command.
Unknown command.
The sun demon barely misses you.
There is a large open door here.
Unknown command.
The sun demon hits you.
* * * LOW HITPOINT WARNING * * *
You are engulfed in flames!!
You die...
Xom giggles madly!

..........................
.......♣♣......♣...♣♣....♣
...♣ ♣♣...♣♣♣♣♣♣ ♣ ♣♣♣♣♣♣♣♣
♣♣♣.♣♣ ♣....♣ ♣♣♣....♣
♣♣♣..♣♣..♣♣♣
♣♣♣@.♣♣♣♣♣...♣♣ ♣♣.3♣♣♣
♣♣...♣♣♣♣ ♣ ♣♣♣..♣♣
♣♣♣....♣♣♣ ♣.....♣ ♣♣♣.....
#######'4###### ♣♣♣.♣♣
#.......4.....#########+♣♣♣
#....8....84..#........#
#............34...8.8..#
###############4.8.8...#


You could see a sun demon.

Vanquished Creatures
  A dire elephant (Lair:8)
  7 hydras
  A catoblepas (Lair:8)
  10 death yaks
  A fire crab (shapeshifter) (Lair:8)
  An orb spider (Lair:3)
  A wizard (Lair:8)
  A griffon (Lair:8)
  10 elephants
  4 black mambas
  4 komodo dragons
  14 spiny frogs
  A hellwing (Lair:7)
  8 fire drakes
  A troll (D:10)
  A raven (shapeshifter) (Lair:2)
  Grinder (D:3)
  A two-headed ogre (D:8)
  2 basilisks (Lair:6)
  A snapping turtle (Lair:3)
  10 blink frogs
  A deep elf mage (D:9)
  A hungry ghost (D:7)
  A human (D:9)
  12 wolves
  A mottled dragon (Lair:5)
  4 hippogriffs
  47 yaks
  Edmund (D:9)
  Menkaure (D:5)
  6 porcupines
  3 orc warriors
  3 ice beasts
  2 phantoms
  6 water moccasins
  2 sky beasts
  An eye of draining (D:8)
  6 ogres
  A necrophage (D:7)
  2 centaurs (D:9)
  17 crocodiles
  2 boring beetles
  Sigmund (D:3)
  11 giant frogs
  A wyvern zombie (D:7)
  A gnoll sergeant (D:9)
  A killer bee (D:7)
  A scorpion (D:5)
  5 wights (D:9)
  2 electric eels
  A giant frog zombie (D:7)
  10 hounds
  5 goliath beetles
  4 crimson imps
  4 giant frog skeletons
  A centaur skeleton (D:5)
  6 orc priests
  10 orc wizards
  5 worker ants
  6 iguanas
  21 sheep
  Jessica (D:2)
  A hound zombie (D:5)
  A worker ant zombie (D:10)
  Robin (D:2)
  30 adders
  91 river rats
  11 gnolls
  2 giant mites
  6 shadow imps
  4 white imps
  7 worms
  3 ufetubi (Lair:8)
  2 adder skeletons
  4 giant geckos
  An ooze (D:2)
  40 orcs
  12 bats
  A bat zombie (D:8)
  3 giant cockroaches
  22 goblins
  15 hobgoblins
  3 giant newts
  A giant spore (D:7)
  7 jackals
  24 kobolds
  7 quokkas
  A quokka zombie (D:5)
  17 rats
  2 ballistomycetes (D:7)
  A fungus (Lair:2)
618 creatures vanquished.

Vanquished Creatures (collateral kills)
  Fannar (Lair:6)
  2 death yaks (Lair:4)
  A polar bear (Lair:8)
  A blink frog (Lair:6)
  A ynoxinul (Lair:4)
  A hippogriff (D:8)
  An ice beast (Lair:6)
  A giant frog (Lair:6)
  An iron imp (Lair:8)
  3 sheep (Lair:4)
  A gnoll (D:5)
  3 river rats (Lair:2)
  A shadow imp (Lair:8)
18 creatures vanquished.

Vanquished Creatures (others)
  A yak (Lair:5)
  2 crimson imps
  An iron imp (Lair:3)
  2 quasits
  3 river rats (Lair:5)
  A shadow imp (Lair:6)
  A white imp (Lair:6)
  2 ufetubi
  2 bushes (Lair:7)
  2 butterflies
  2 fungi
  A plant (Lair:7)
20 creatures vanquished.

Grand Total: 656 creatures vanquished

Notes
Turn   | Place    | Note
--------------------------------------------------------------
     0 | D:1      | metalmind, the Troll Hunter, began the quest for the Orb.
     0 | D:1      | Reached XP level 1. HP: 19/19 MP: 1/1
    87 | D:1      | Reached skill level 1 in Unarmed Combat
   183 | D:1      | Reached XP level 2. HP: 22/27 MP: 1/1
   263 | D:1      | Reached skill level 2 in Unarmed Combat
   584 | D:2      | Noticed Jessica
   585 | D:2      | Killed Jessica
   585 | D:2      | Reached XP level 3. HP: 33/33 MP: 2/2
   632 | D:2      | Noticed Robin
   638 | D:2      | Reached skill level 3 in Unarmed Combat
   669 | D:2      | Killed Robin
   669 | D:2      | Reached XP level 4. HP: 34/41 MP: 2/2
   690 | D:2      | Found an opulent altar of Gozag.
   872 | D:2      | Reached skill level 4 in Unarmed Combat
   875 | D:2      | Found a radiant altar of Vehumet.
  1343 | D:3      | Reached XP level 5. HP: 48/48 MP: 2/2
  1520 | D:3      | Reached skill level 5 in Unarmed Combat
  1556 | D:3      | Found a basalt altar of Yredelemnul.
  1592 | D:3      | Noticed Sigmund
  1608 | D:3      | Killed Sigmund
  1682 | D:3      | Noticed Grinder
  1697 | D:3      | Killed Grinder
  1697 | D:3      | Reached skill level 7 in Unarmed Combat
  1697 | D:3      | Reached XP level 6. HP: 14/55 MP: 3/3
  2016 | D:3      | Found a deep blue altar of Sif Muna.
  2135 | D:4      | Reached XP level 7. HP: 45/62 MP: 3/3
  2352 | D:4      | Found a blossoming altar of Fedhas.
  2367 | D:4      | Found a burning altar of Makhleb.
  2581 | D:4      | Found Supiwk's Jewellery Shoppe.
  2789 | D:4      | Noticed a moth of wrath
  2791 | D:4      | Found a bloodstained altar of Trog.
  2884 | D:5      | Entered Level 5 of the Dungeon
  2937 | D:5      | Found a snail-covered altar of Cheibriados.
  2952 | D:5      | Reached skill level 8 in Unarmed Combat
  3025 | D:5      | HP: 15/62 [centaur/arrow of flame (15)]
  3027 | D:5      | HP: 2/62 [centaur/arrow of flame (9)]
  3033 | D:5      | HP: 3/62 [centaur/arrow of flame (2)]
  3051 | D:5      | HP: 11/62 [quokka zombie (1)]
  3267 | D:5      | Found a staircase to the Ecumenical Temple.
  3311 | Temple   | Entered the Ecumenical Temple
  3360 | Temple   | Became a worshipper of Xom of Chaos
  3398 | D:5      | XOM: potion effect (berserk rage)
  3401 | D:5      | XOM: enchant monster (good)
  3417 | D:5      | XOM: 1-stop teleportation journey
  3449 | D:5      | Found Duitwues' Gadget Boutique.
  3577 | D:5      | Found a white marble altar of Elyvilon.
  3594 | D:5      | Noticed Menkaure
  3602 | D:5      | Killed Menkaure
  3602 | D:5      | Reached skill level 9 in Unarmed Combat
  3947 | D:5      | Reached XP level 8. HP: 59/70 MP: 3/3
  4084 | D:5      | XOM: silly message
  4128 | D:5      | XOM: harmless Air miscast
  4475 | D:6      | Reached skill level 10 in Unarmed Combat
  4519 | D:6      | XOM: stat loss: -1 Str (20/21)
  4599 | D:6      | XOM: medium Trmt miscast
  4641 | D:6      | Found an ancient bone altar of Kikubaaqudgha.
  4657 | D:6      | XOM: polymorph orc -> gnoll
  4704 | D:6      | XOM: 2-stop teleportation journey
  4718 | D:6      | XOM is BORED!
  4718 | D:6      | XOM: enchant monster (bad)
  4833 | D:6      | XOM: divination: magic mapping
  5079 | D:7      | Reached skill level 11 in Unarmed Combat
  5166 | D:7      | XOM: give mutations
  5166 | D:7      | Gained mutation: You are weak. (Str -2) [Xom's mischief]
  5166 | D:7      | Gained mutation: Your body is slowly deteriorating. [Xom's mischief]
  5166 | D:7      | Lost mutation: Your body is slowly deteriorating. [Xom's mischief]
  5168 | D:7      | XOM: colour smoke trail
  5185 | D:7      | XOM: divination: detect creatures
  5203 | D:8      | HP: 16/70 [something (6)]
  5406 | D:8      | Reached skill level 2 in Fighting
  5447 | D:8      | Noticed a two-headed ogre
  5448 | D:8      | XOM: noise
  5449 | D:8      | XOM: destruction
  5458 | D:8      | Killed a two-headed ogre
  5458 | D:8      | Reached XP level 9. HP: 37/80 MP: 4/4
  5566 | D:8      | Noticed an elephant
  5567 | D:8      | Found a staircase to the Lair.
  5569 | D:8      | XOM: snakes to sticks
  5579 | D:8      | Reached skill level 3 in Fighting
  5580 | D:8      | XOM: divine lightning (protected)
  5582 | D:8      | Killed an elephant
  5585 | D:8      | XOM: polymorph yak -> eye of draining
  5622 | D:8      | HP: 17/84 [goliath beetle (12)]
  5695 | D:8      | Found a bloodstained altar of Trog.
  5964 | D:8      | Reached skill level 4 in Fighting
  5986 | D:8      | XOM: summons 9 friendly demons
  5991 | D:8      | Reached skill level 12 in Unarmed Combat
  6406 | D:7      | XOM: give mutations
  6406 | D:7      | Gained mutation: You are partially covered in rugged brown scales (AC +1, +3% HP). [Xom's mischief]
  6406 | D:7      | Gained mutation: You are dopey. (Int -2) [Xom's mischief]
  6406 | D:7      | Gained mutation: You are very dopey. (Int -4) [Xom's mischief]
  6406 | D:7      | Lost mutation: You are very dopey. (Int -4) [Xom's mischief]
  6549 | D:7      | XOM: smoke on damage
  6551 | D:7      | Reached skill level 5 in Fighting
  6796 | D:7      | Reached XP level 10. HP: 96/96 MP: 4/4
  7233 | D:7      | XOM: polymorph killer bee -> wasp
  7234 | D:7      | XOM: mild Ice miscast
  7238 | D:7      | Lost mutation: You are weak. (Str -2) [potion of cure mutation]
  7238 | D:7      | Lost mutation: You are dopey. (Int -2) [potion of cure mutation]
  7238 | D:7      | Lost mutation: You are partially covered in rugged brown scales (AC +1, +3% HP). [potion of cure mutation]
  7239 | D:7      | Gained mutation: Your flesh is cold resistant. [potion of mutation]
  7239 | D:7      | Gained mutation: You have a pair of small horns on your head. [potion of mutation]
  7239 | D:7      | Gained mutation: You have difficulty communicating with the divine. [potion of mutation]
  7260 | D:7      | XOM: harmless Tloc miscast
  7598 | D:9      | Reached skill level 6 in Fighting
  7906 | D:9      | Found a sacrificial altar of Ru.
  7999 | D:9      | XOM: mild Necr miscast
  8018 | D:9      | XOM: mild Conj miscast
  8060 | D:9      | Noticed Edmund
  8070 | D:9      | XOM: fake destruction
  8076 | D:9      | Killed Edmund
  8089 | D:9      | Reached skill level 13 in Unarmed Combat
  8176 | D:9      | XOM: confuse monster(s)
  8212 | D:9      | XOM: mild Necr miscast
  8253 | D:9      | XOM: potion effect (curing)
  8285 | D:9      | XOM: smoke on damage
  8318 | D:9      | XOM: colour smoke trail
  8360 | D:10     | Entered Level 10 of the Dungeon
  8394 | D:10     | XOM: harmless Summ miscast
  8423 | D:10     | XOM: enchant monster (bad)
  8455 | D:10     | Noticed a hill giant
  8466 | D:10     | XOM: butterfly on damage
  8473 | D:10     | XOM: noise
  8487 | D:10     | XOM: cast spell 'Blink'
  8500 | D:10     | XOM: silly message
  8507 | D:10     | XOM: noise
  8517 | D:10     | XOM: divination: magic mapping
  8599 | Lair:1   | Entered Level 1 of the Lair of Beasts
  8629 | Lair:1   | Reached skill level 7 in Fighting
  8760 | Lair:1   | XOM: confuse monster(s)
  8770 | Lair:1   | XOM: potion effect (agility)
  8932 | Lair:1   | XOM: enchant monster (bad)
  9089 | Lair:1   | XOM is BORED!
  9089 | Lair:1   | XOM: noise
  9181 | Lair:1   | XOM: god gift: 2 gold pieces
  9217 | Lair:1   | XOM: enchant monster (bad)
  9226 | Lair:1   | XOM: smoke on damage
  9349 | Lair:1   | XOM: harmless Chrm miscast
  9454 | Lair:2   | XOM: noise
  9481 | Lair:2   | XOM: polymorph wolf -> goliath beetle
  9486 | Lair:2   | XOM: blink monster(s)
  9509 | Lair:2   | Noticed a black mamba
  9512 | Lair:2   | XOM: enchant monster (bad)
  9514 | Lair:2   | Killed a black mamba
  9514 | Lair:2   | Reached XP level 11. HP: 89/109 MP: 4/4
  9521 | Lair:2   | XOM: destruction
  9578 | Lair:2   | XOM: noise
  9613 | Lair:2   | Reached skill level 8 in Fighting
  9698 | Lair:2   | XOM: chaos cloud
  9702 | Lair:2   | XOM: confusion (+ monsters)
  9704 | Lair:2   | XOM: confusion (+ monsters)
  9724 | Lair:2   | XOM: fake destruction
  9726 | Lair:2   | Reached skill level 14 in Unarmed Combat
  9726 | Lair:2   | XOM: noise
  9727 | Lair:2   | XOM: draining
  9731 | Lair:2   | XOM: chaos cloud
  9733 | Lair:2   | Paralysed by you for 2 turns
  9734 | Lair:2   | XOM: confusion (+ monsters)
  9801 | Lair:2   | XOM: stat loss: -1 Dex (11/12)
 10006 | Lair:2   | XOM: chaos cloud
 10009 | Lair:2   | Paralysed by you for 3 turns
 10328 | Lair:3   | XOM: enchant monster (bad)
 10331 | Lair:3   | XOM: repel stairs
 10351 | Lair:3   | HP: 18/112 [yak (20)]
 10552 | Lair:3   | XOM: give mutations
 10552 | Lair:3   | Gained mutation: You are clumsy. (Dex -2) [Xom's mischief]
 10552 | Lair:3   | Gained mutation: You are weak. (Str -2) [Xom's mischief]
 10552 | Lair:3   | Lost mutation: You are weak. (Str -2) [Xom's mischief]
 10552 | Lair:3   | Gained mutation: You are somewhat resistant to further mutation. [Xom's mischief]
 10668 | Lair:3   | Reached skill level 9 in Fighting
 10675 | Lair:3   | HP: 25/114 [blink frog (5)]
 10680 | Lair:3   | HP: 19/114 [blink frog (9)]
 10962 | Lair:3   | XOM: confuse monster(s)
 11187 | Lair:3   | XOM: potion effect (agility)
 11189 | Lair:3   | XOM: summons friendly crimson imp
 11256 | Lair:3   | Found a staircase to the Shoals.
 11263 | Lair:3   | Reached skill level 2 in Dodging
 11418 | Lair:3   | Found a hole to the Spider Nest.
 11420 | Lair:3   | XOM: enchant monster (good)
 11427 | Lair:3   | XOM: summons friendly quasit
 11432 | Lair:3   | XOM: enchant monster (good)
 11462 | Lair:3   | XOM: mild Hex miscast
 11542 | Lair:3   | XOM: summons friendly iron imp
 11807 | Lair:4   | Reached skill level 3 in Dodging
 11871 | Lair:4   | XOM: potion effect (haste)
 11911 | Lair:4   | Reached skill level 15 in Unarmed Combat
 12161 | Lair:4   | Reached XP level 12. HP: 123/123 MP: 5/5
 12220 | Lair:4   | Noticed a death yak
 12220 | Lair:4   | XOM: harmless Hex miscast
 12241 | Lair:4   | Noticed a death yak
 12243 | Lair:4   | Noticed a death yak
 12244 | Lair:4   | Noticed a death yak
 12247 | Lair:4   | XOM: harmless Tloc miscast
 12249 | Lair:4   | XOM: divination: detect creatures
 12252 | Lair:4   | Killed a death yak
 12265 | Lair:4   | XOM: summons friendly white imp
 12270 | Lair:4   | Killed a death yak
 12270 | Lair:4   | XOM: confuse monster(s)
 12271 | Lair:4   | XOM: summons 8 friendly demons
 12278 | Lair:4   | Killed a death yak
 12278 | Lair:4   | Reached skill level 4 in Dodging
 12297 | Lair:4   | Killed a death yak
 12404 | Lair:4   | XOM: give mutations
 12404 | Lair:4   | Gained mutation: You are frail (-10% HP). [Xom's mischief]
 12404 | Lair:4   | Gained mutation: You have large cloven feet. [Xom's mischief]
 12404 | Lair:4   | Gained mutation: You are very clumsy. (Dex -4) [Xom's mischief]
 12409 | Lair:4   | XOM: 1-stop teleportation journey
 12818 | Lair:5   | XOM: destruction
 12834 | Lair:5   | Reached skill level 10 in Fighting
 12989 | Lair:5   | XOM: destruction
 12998 | Lair:5   | XOM: enchant monster (good)
 13007 | Lair:5   | XOM: summons 2 friendly demons
 13063 | Lair:5   | XOM: summons 3 hostile shadow creatures
 13099 | Lair:5   | XOM: colour smoke trail
 13110 | Lair:5   | XOM: confuse monster(s)
 13124 | Lair:5   | Reached skill level 5 in Dodging
 13128 | Lair:5   | XOM: confuse monster(s)
 13133 | Lair:5   | HP: 26/112 [death yak (12)]
 13138 | Lair:5   | HP: 18/113 [death yak (11)]
 13139 | Lair:5   | XOM: enchant monster (good)
 13165 | Lair:5   | XOM: enchant monster (good)
 13271 | Lair:5   | Lost mutation: You have difficulty communicating with the divine. [potion of cure mutation]
 13271 | Lair:5   | Lost mutation: You have a pair of small horns on your head. [potion of cure mutation]
 13271 | Lair:5   | Lost mutation: You are somewhat resistant to further mutation. [potion of cure mutation]
 13271 | Lair:5   | Lost mutation: Your flesh is cold resistant. [potion of cure mutation]
 13271 | Lair:5   | Lost mutation: You are frail (-10% HP). [potion of cure mutation]
 13271 | Lair:5   | Lost mutation: You have large cloven feet. [potion of cure mutation]
 13373 | Lair:6   | XOM: cast spell 'Cause Fear'
 13428 | Lair:6   | XOM: confuse monster(s)
 13439 | Lair:6   | XOM: confuse monster(s)
 13442 | Lair:6   | XOM: polymorph death yak -> death yak
 13561 | Lair:6   | XOM: confuse monster(s)
 13570 | Lair:6   | Reached skill level 6 in Dodging
 13570 | Lair:6   | XOM: silly message
 13577 | Lair:6   | XOM: confuse monster(s)
 13582 | Lair:6   | XOM: potion effect (haste)
 13592 | Lair:6   | Reached XP level 13. HP: 106/135 MP: 5/5
 13643 | Lair:6   | XOM is BORED!
 13643 | Lair:6   | XOM: noise
 13666 | Lair:6   | Noticed Fannar
 13675 | Lair:6   | XOM: divine lightning
 13680 | Lair:6   | XOM: swap monsters
 13686 | Lair:6   | XOM: potion effect (heal wounds)
 13697 | Lair:6   | XOM: divination: detect creatures
 13701 | Lair:6   | XOM: confuse monster(s)
 13702 | Lair:6   | XOM: vitrification
 13704 | Lair:6   | XOM: summons 11 friendly demons
 13706 | Lair:6   | Killed Fannar
 13735 | Lair:6   | HP: 28/135 [blink frog (13)]
 13875 | Lair:6   | Found a viscous altar of Jiyva.
 13876 | Lair:6   | Found a staircase to the Slime Pits.
 13949 | Lair:6   | XOM: confuse monster(s)
 13960 | Lair:6   | Reached skill level 11 in Fighting
 13960 | Lair:6   | Reached skill level 16 in Unarmed Combat
 13960 | Lair:6   | XOM: blink monster(s)
 13967 | Lair:6   | XOM: noise
 13994 | Lair:6   | XOM: summons 1 hostile demon
 14036 | Lair:6   | XOM: 5-stop teleportation journey
 14041 | Lair:6   | XOM: noise
 14054 | Lair:6   | XOM: noise
 14166 | Lair:6   | XOM: stat loss: -1 Str (22/23)
 14179 | Lair:6   | XOM: give mutations
 14179 | Lair:6   | Gained mutation: You are frail (-10% HP). [Xom's mischief]
 14179 | Lair:6   | Gained mutation: Your body is slowly deteriorating. [Xom's mischief]
 14289 | Lair:6   | XOM: mild Air miscast
 14408 | Lair:6   | XOM: torment (62/122 hp)
 14615 | Lair:6   | XOM: stat loss: -1 Dex (9/9)
 14692 | Lair:6   | Noticed an eight-headed hydra
 14708 | Lair:6   | Killed a nine-headed hydra
 14969 | Lair:6   | Noticed an eight-headed hydra
 14969 | Lair:6   | XOM: chaos cloud
 15139 | Lair:7   | XOM: harmless Fire miscast
 15151 | Lair:7   | XOM: blink monster(s)
 15162 | Lair:7   | Reached skill level 7 in Dodging
 15280 | Lair:7   | XOM: silly message
 15302 | Lair:7   | XOM: give mutation
 15302 | Lair:7   | Gained mutation: You can breathe flames. [Xom's mischief]
 15326 | Lair:7   | XOM: 2-stop teleportation journey
 15420 | Lair:7   | XOM: 3-stop teleportation journey
 15444 | Lair:7   | XOM: enchant monster (bad)
 15507 | Lair:7   | XOM: destruction
 15776 | Lair:7   | XOM is BORED!
 15776 | Lair:7   | XOM: summons 6 hostile demons
 15782 | Lair:7   | XOM: polymorph ufetubus -> shadow imp
 15835 | Lair:8   | Entered Level 8 of the Lair of Beasts
 15883 | Lair:8   | XOM: give mutations
 15883 | Lair:8   | Gained mutation: Your system is resistant to poisons. [Xom's grace]
 15883 | Lair:8   | Gained mutation: You have a pair of small horns on your head. [Xom's grace]
 15883 | Lair:8   | Gained mutation: Your flesh is heat resistant. [Xom's grace]
 15883 | Lair:8   | Gained mutation: You regenerate. [Xom's grace]
 15958 | Lair:8   | XOM: give mutations
 15958 | Lair:8   | Gained mutation: You can translocate small distances at will. [Xom's grace]
 15958 | Lair:8   | Gained mutation: Your flesh is cold resistant. [Xom's grace]
 15958 | Lair:8   | Gained mutation: You are somewhat resistant to further mutation. [Xom's grace]
 16127 | Lair:8   | XOM: fog
 16130 | Lair:8   | Reached skill level 4 in Throwing
 16138 | Lair:8   | XOM: summons 2 friendly demons
 16157 | Lair:8   | XOM: scenery: 3 doors open
 16171 | Lair:8   | XOM: swap monsters
 16176 | Lair:8   | XOM: noise
 16232 | Lair:8   | XOM: 1-stop teleportation journey
 16311 | Lair:8   | XOM: polymorph yak -> fire crab
 16702 | Lair:8   | XOM: potion effect (berserk rage)
 16809 | Lair:8   | XOM: summons 6 hostile demons
 16839 | Lair:8   | XOM: give mutations
 16839 | Lair:8   | Lost mutation: Your body is slowly deteriorating. [Xom's mischief]
 16839 | Lair:8   | Lost mutation: You are somewhat resistant to further mutation. [Xom's mischief]
 16839 | Lair:8   | Lost mutation: Your flesh is heat resistant. [Xom's mischief]
 16839 | Lair:8   | Lost mutation: You are frail (-10% HP). [Xom's mischief]
 16915 | Lair:8   | XOM: 8-stop teleportation journey
 16916 | Lair:8   | Noticed a dire elephant
 16918 | Lair:8   | XOM: enchant monster (good)
 16927 | Lair:8   | XOM: cast spell 'Summon Butterflies'
 16932 | Lair:8   | XOM: confuse monster(s)
 16935 | Lair:8   | Killed a dire elephant
 16935 | Lair:8   | Reached skill level 5 in Throwing
 16942 | Lair:8   | XOM: 2-stop teleportation journey
 16955 | Lair:8   | XOM: destruction
 16973 | Lair:8   | XOM: give mutation
 16973 | Lair:8   | Gained mutation: You can breathe fire. [Xom's grace]
 16978 | Lair:8   | XOM: snakes to sticks
 16981 | Lair:8   | XOM: swap monsters
 16983 | Lair:8   | XOM: vitrification
 16986 | Lair:8   | XOM: enchant monster (good)
 16987 | Lair:8   | XOM: potion effect (berserk rage)
 16989 | Lair:8   | XOM: swap monsters
 16992 | Lair:8   | XOM: summons 7 friendly demons
 17194 | Lair:8   | XOM: silly message
 17217 | Lair:8   | HP: 27/138 [ten-headed hydra (10)]
 17217 | Lair:8   | HP: 11/138 [ten-headed hydra (4)]
 17219 | Lair:8   | XOM: confuse monster(s)
 17335 | Lair:8   | XOM: god gift: scroll of amnesia
 17399 | Lair:8   | XOM: summons friendly iron imp
 17400 | Lair:8   | XOM: confuse monster(s)
 17401 | Lair:8   | XOM: summons friendly shadow imp
 17402 | Lair:8   | XOM: destruction
 17428 | Lair:8   | Reached XP level 14. HP: 147/147 MP: 5/5
 17486 | Lair:8   | XOM: give mutations
 17486 | Lair:8   | Lost mutation: You are very clumsy. (Dex -4) [Xom's mischief]
 17486 | Lair:8   | Gained mutation: Armour fits poorly on your strangely shaped body. [Xom's mischief]
 17486 | Lair:8   | Lost mutation: Your flesh is cold resistant. [Xom's mischief]
 17535 | Lair:8   | XOM: cast spell 'Call Canine Familiar'
 17541 | Lair:8   | Reached skill level 8 in Dodging
 17543 | Lair:8   | Found a burning altar of Makhleb.
 17555 | Lair:8   | XOM: swap monsters
 17556 | Lair:8   | XOM: cast spell 'Confusing Touch'
 17557 | Lair:8   | XOM: potion effect (brilliance)
 17562 | Lair:8   | HP: 28/147 [sun demon (10)]
 17563 | Lair:8   | HP: 2/147 [sun demon (19)]
 17571 | Lair:8   | HP: 4/147 [sun demon (5)]
 17571 | Lair:8   | Demolished by a sun demon

Action                   |  1- 3 |  4- 6 |  7- 9 | 10-12 | 13-15 || total
-------------------------+-------+-------+-------+-------+-------++-------
Melee: Short sword       |    10 |       |       |       |       ||    10
       Unarmed           |    73 |   142 |   384 |   727 |   461 ||  1787
Throw: Large rock        |     6 |    12 |    22 |     4 |    32 ||    76
Evoke: Wand              |       |       |     3 |       |    11 ||    14
  Use: Scroll            |     2 |     5 |     4 |    13 |     8 ||    32
       Potion            |       |     4 |     3 |     9 |     1 ||    17
 Stab: Sleeping          |       |     1 |     2 |     1 |     1 ||     5
       Distracted        |       |       |     1 |     1 |       ||     2
       Confused          |       |       |       |     7 |     4 ||    11
       Paralysed         |       |       |       |     4 |       ||     4
       Invisible         |       |       |       |       |     2 ||     2
  Eat: Meat ration       |     1 |       |       |       |       ||     1
       Chunk             |       |    19 |    43 |    64 |    29 ||   155
       Beef jerky        |       |       |     2 |       |     1 ||     3
       Bread ration      |       |       |       |       |     1 ||     1

Vault maps used:
D:1:      dpeg_arrival_erosion
D:2:      vehumet_crystals, nicolae_overflow_crystal_walls, serial_corexii_hall,
          corexii_hall_statues_i, corexii_hall_statues_u,
          corexii_hall_statues_t, kennysheep_generic_room_2, uniq_robin,
          uniq_jessica
D:3:      nicolae_overflow_hidden_temple, lemuel_doored_altar, uniq_sigmund,
          uniq_grinder
D:4:      tgw_trog, grunt_temple_overflow_open, serial_shops, shop,
          grunt_decor_arrowhead, uniq_crazy_yiuf_cottage
D:5:      elyvilon_altar_5, beetle_altar_2, minmay_temple_entry_statues_pillars,
          first_bread, serial_shops, nicolae_shop_competitors_out_of_business,
          uniq_menkaure
D:6:      kiku_gazebo_garden_becter
D:8:      david_lair_generic, basic_altar
D:9:      old_standard_altar, grunt_livestock, uniq_edmund
D:10:     david_orc_5, uniq_maurice, uniq_josephine
Temple:   minmay_temple_bridge_a_8
Lair:1:   lemuel_fruit_tree, grunt_megastairs_4
Lair:3:   minmay_shoals_entry_hut, nicolae_spider_entry_orb_guardian,
          grunt_megastairs_3
Lair:5:   guppyfry_lair_drakes
Lair:6:   dpeg_slime_entry_enclosed_altar, serial_bayou_shore_b, uniq_fannar
Lair:7:   lemuel_fruit_fields, grunt_megastairs_2
Lair:8:   evil_forest, nicolae_quartered_pool_super, minivault_11

Table legend:
 A = Turns spent in this place as a percentage of turns spent in the entire game.
 B = Non-inter-level travel turns spent in this place as a percentage of non-inter-level travel turns spent in the entire game.
 C = Inter-level travel turns spent in this place as a percentage of turns spent in this place.
 D = Turns resting spent in this place as a percentage of non-inter-level travel turns spent in this place.
 E = Turns spent auto-exploring this place as a percentage of non-inter-level travel turns spent in this place.
 F = Non-inter-level travel turns spent in this place divided by the number of levels of this place that you've seen.
                   A       B       C       D       E      F
               +-------+-------+-------+-------+-------+----------------------
         Total | 100.0 | 100.0 |   0.3 |   2.5 |   6.7 | 374.4
       Dungeon |  46.4 |  46.3 |   0.4 |   1.7 |   7.9 | 329.6
        Temple |   0.4 |   0.4 |   3.2 |   0.0 |  10.0 |  30.0
          Lair |  53.2 |  53.2 |   0.2 |   3.2 |   5.6 | 473.4
               +-------+-------+-------+-------+-------+----------------------

Table legend:
 A = Kills in this place as a percentage of kills in entire the game.
 B = Kills by you in this place as a percentage of kills by you in the entire game.
 C = Kills by friends in this place as a percentage of kills by friends in the entire game.
 D = Other kills in this place as a percentage of other kills in the entire game.
 E = Experience gained in this place as a percentage of experience gained in the entire game.
 F = Experience gained in this place divided by the number of levels of this place that you have seen.
                   A       B       C       D       E      F
               +-------+-------+-------+-------+-------+----------------------
         Total | 100.0 | 100.0 | 100.0 | 100.0 | 100.0 | 3424.6
       Dungeon |  47.2 |  48.0 |  15.4 |   0.0 |  13.2 | 857.8
          Lair |  52.8 |  52.0 |  84.6 | 100.0 |  86.8 | 7061.1
               +-------+-------+-------+-------+-------+----------------------
